Map: Triton LE

Players

DrPip

  • Race: Terran Terran
  • Spawn Location: 5:00

Ratl - Winner!

  • Race: Protoss Protoss
  • League: Silver
  • Spawn Location: 11:00

VOD

Have the link to the VOD?

Description

Time

  • Played on: Feb. 3, 2020, 12:31 p.m.
  • Length: 5:47
Show
View Real Time Build Order
Export as new Build Order

DrPip Terran 

Build Orders:  

Get SALT Encoding   

  12  0:02  SCV  
  13  0:14  SCV  
  13  0:19  Supply Depot  
  14  0:27  SCV  
  15  0:32  Refinery  
  15  0:43  Barracks  
  15  0:45  SCV  
  16  0:59  SCV  
  17  1:13  SCV  
  18  1:32  Orbital Command  
  18  1:36  Supply Depot  
  18  1:39  Reaper  
  19  2:02  SCV  
  20  2:14  SCV  
  20  2:15  Barracks  
  21  2:26  SCV  
  21  2:28  Refinery  
  22  2:35  Factory  
  21  3:23  Barracks Reactor  
  21  3:34  Command Center, Barracks Tech Lab  
  21  3:36  Starport  
  21  3:39  SCV  
  22  3:46  Engineering Bay  
  22  3:51  SCV  
  22  3:54  Bunker  
  23  4:03  SCV  
  23  4:04  Marine  
  23  4:05  Marine x2  
  28  4:10  Widow Mine  
  28  4:15  SCV, Starport Tech Lab  
  28  4:22  Marine x2  
  31  4:35  Widow Mine  
  30  4:40  Marauder  
  31  4:53  Marine  
  31  4:57  Widow Mine  
  31  5:21  Supply Depot  
Show
View Real Time Build Order
Export as new Build Order

Ratl Protoss - Winner!

Build Orders:  

Get SALT Encoding   

  12  0:09  Probe  
  13  0:21  Probe  
  13  0:26  Pylon  
  14  0:38  Probe  
  15  0:45  Gateway  
  15  0:50  Probe (Chrono Boost)  
  15  0:53  Assimilator  
  16  1:02  Probe (Chrono Boost)  
  16  1:03  Assimilator  
  17  1:07  Probe (Chrono Boost)  
  18  1:17  Probe  
  19  1:25  Gateway  
  19  1:29  Probe (Chrono Boost)  
  20  1:40  Cybernetics Core  
  20  1:41  Probe (Chrono Boost)  
  21  1:48  Probe (Chrono Boost)  
  22  1:56  Probe  
  23  2:18  Pylon  
  23  2:22  Warp Gate (Chrono Boost)  
  23  2:23  Pylon  
  23  2:36  Probe, Adept x2  
  27  2:48  Probe  
  27  3:00  Probe  
  27  3:23  Adept x2  
  32  3:27  Probe  
  32  3:32  Stargate  
  32  3:37  Robotics Facility  
  32  3:39  Probe  
  33  3:51  Probe  
  33  3:53  Pylon  
  34  4:03  Adept  
  34  4:04  Adept  
  38  4:26  Shield Battery  
  36  4:39  Probe  
  35  4:47  Stalker  
  35  4:49  Stalker  
  35  4:51  Probe  
  38  4:54  Nexus  
  38  5:04  Probe  
  37  5:19  Stalker  
  37  5:20  Stalker  
Tags
 
League
Silver
Matchup
PvT
Spawn Locations
Cross Positions
Add a new tag
Caveats
  • Supply blocks, unpowered buildings, or Contaminate may cause inaccurate times.
  • Supply counts are checked every 10 seconds.